Map: Terrasses de Prion

Players

zidar - Winner!

  • Race: Zerg Zerg
  • League: Silver
  • Spawn Location: 5:00

Geronimo

  • Race: Terran Terran
  • League: Gold
  • Spawn Location: 11:00

VOD

Have the link to the VOD?

Description

Time

  • Played on: April 27, 2016, 1:16 a.m.
  • Length: 9:07
Show
View Real Time Build Order
Export as new Build Order

zidar Zerg - Winner!

Build Orders: Hatch First 

Get SALT Encoding   

  12  0:01  Drone  
  13  0:12  Overlord  
  13  0:17  Drone  
  14  0:30  Drone x2  
  14  0:34  Drone  
  17  0:56  Hatchery  
  16  0:58  Drone  
  17  1:13  Spawning Pool  
  17  1:16  Extractor  
  17  1:17  Drone  
  16  1:20  Drone  
  18  1:25  Drone  
  18  1:54  Overlord  
  18  1:57  Overlord  
  18  1:59  Queen  
  20  2:07  Roach Warren  
  19  2:20  Queen  
  21  2:33  Drone x2  
  22  2:45  Zergling x8  
  26  2:53  Roach  
  28  3:17  Roach x4  
  36  3:31  Extractor  
  35  3:38  Roach x4  
  43  4:18  Overlord  
  43  4:19  Overlord x3  
  43  4:37  Ravager x3  
  46  4:57  Ravager  
  47  5:01  Zergling x2  
  47  5:02  Zergling x26  
  61  5:18  Ravager  
  62  5:47  Metabolic Boost  
  62  6:01  Roach  
  62  6:02  Roach x2  
  39  7:48  Roach x14  
  39  7:49  Zergling x2  
Show
View Real Time Build Order
Export as new Build Order

Geronimo Terran 

Build Orders:  

Get SALT Encoding   

  12  0:00  SCV  
  13  0:20  SCV  
  14  0:21  Supply Depot  
  14  0:34  SCV  
  15  0:47  Barracks, SCV  
  16  0:53  Refinery  
  16  1:02  SCV  
  17  1:07  Barracks  
  17  1:22  SCV  
  18  1:26  Barracks  
  18  1:40  Orbital Command  
  18  1:42  Supply Depot  
  18  2:01  Marine  
  19  2:02  Reaper  
  20  2:08  SCV  
  20  2:15  Marine  
  22  2:21  Factory  
  22  2:26  SCV  
  22  2:27  Marine  
  24  2:31  Supply Depot  
  24  2:42  SCV  
  24  2:43  Marine  
  24  2:44  Marine  
  26  2:47  Marine  
  28  2:54  SCV  
  28  2:55  Supply Depot  
  29  3:06  SCV  
  30  3:15  Factory Reactor  
  30  3:18  Starport  
  30  3:20  SCV  
  30  3:25  Marine x2  
  30  3:26  Marine  
  34  3:30  Refinery  
  35  3:35  SCV  
  35  3:44  Marine  
  35  3:45  Marine, Command Center  
  37  4:00  Marine  
  38  4:09  Marine  
  39  4:10  Barracks Tech Lab  
  39  4:12  SCV  
  40  4:21  Liberator  
  40  4:26  Marine  
  40  4:28  SCV  
  42  4:31  Supply Depot  
  42  4:38  Medivac  
  47  4:53  Marine x3, SCV  
  47  4:55  Supply Depot  
  47  4:56  Stimpack  
  51  5:21  Marine  
  51  5:22  Marine  
  51  5:25  Marauder  
  55  5:42  Marine x2, Liberator  
  54  5:46  Marauder  
  58  5:54  SCV x2  
  60  5:58  Medivac  
  60  6:00  Marine  
  60  6:03  Engineering Bay  
  68  6:15  Marine  
  68  6:16  SCV  
  68  6:17  SCV  
  71  6:21  Marine x2  
  71  6:24  Factory Tech Lab  
  71  6:28  SCV  
  71  6:29  SCV  
  71  6:32  Starport  
  72  6:33  Marine  
  72  6:39  Marine, Marauder  
  71  6:52  Marine, Siege Tank  
  62  6:56  Marine  
  62  7:00  Marine  
  57  7:08  Medivac  
  49  7:10  Marine  
  49  7:14  Marine  
  48  7:18  Marine  
  46  7:28  Marine  
  44  7:32  Marine  
  44  7:36  Marine  
  40  7:45  Refinery  
  40  7:46  Marine, Refinery  
  40  7:50  Marine  
  39  7:54  Marine  
Tags
 
Add a new tag
Caveats
  • Supply blocks, unpowered buildings, or Contaminate may cause inaccurate times.
  • Supply counts are checked every 10 seconds.